[Event "8th Svetozar Gligoric Cup 2022"]
[Site "Paracin"]
[Date "2022.06.01"]
[Round "2.10"]
[White "Markovic, Miroslav"]
[Black "Rajic, Momcilo"]
[Result "1-0"]
[ECO "A07"]
[WhiteElo "2271"]
[BlackElo "1931"]
[Annotator "TA"]
[PlyCount "119"]
[EventDate "2022.05.31"]
[EventType "team-tourn"]
[EventCountry "SRB"]
[SourceTitle "playchess.com"]
[Source "ChessBase"]
[SourceQuality "1"]
[TimeControl "40/5400+30:900+30"]

1. Nf3 Nc6 2. g3 e5 3. d3 Bc5 4. Bg2 d5 5. O-O Be6 6. c3 {[%emt 0:00:09] [#] A07: Réti Opening: New York and Capablanca Systems.} Qd7 $146 ({Predecessor:} 6... h6 7. Nbd2 Nf6 8. b4 Bd6 9. b5 Ne7 10. Nb3 Qd7 11. a4 a6 12. bxa6 Rxa6 {1-0 (60) Suess,H (1961)-Hoffmann,S (1713) Fuerth 2014}) 7. d4 exd4 8. cxd4 {[%emt 0:00:08] The position is equal.} Bb6 9. Nc3 a6 10. Bf4 Nf6 (10... Nge7 $11 {keeps the balance.}) 11. Ne5 $16 Qe7 (11... Nxe5 $142 12. dxe5 Nh5) 12. Nxc6 ({White should try} 12. e3) 12... bxc6 13. Na4 Nh5 14. Bd2 Nf6 15. Rc1 Bxd4 {[%emt 0:05:26] [#]} (15... Bd7 $16 {was necessary.}) 16. Rxc6 (16. Bh6 $1 $18 {[%cal Rh6g7][%mdl 512] is more deadly.}) 16... Be5 17. Nc5 O-O 18. Qc2 Rfb8 19. b3 {[%emt 0:00:22] White is more active.} Rb6 20. Nxe6 fxe6 21. e4 dxe4 22. Bxe4 Rd8 23. Be3 {[%emt 0:01:03] This bishop pair is nice.} Rxc6 24. Qxc6 Qd6 25. Rc1 Qxc6 26. Bxc6 Nd5 27. Bc5 Nc3 {[%emt 0:00:00] ...Ne2+ is the strong threat.} 28. Rc2 {[%emt 0:00:00] Against Ne2+} Rd1+ 29. Kg2 Kf7 30. h4 ({White should play} 30. Bb4 $16 Nd5 31. Ba5) 30... Ra1 31. a4 a5 (31... Ra2 $142 32. Rxa2 Nxa2) 32. Rd2 {[%emt 0:00:00] Threatens to win with Rd7+.} Rd1 33. Rxd1 Nxd1 {[%emt 0:00:00][%mdl 4096] Endgame KBB-KBN} 34. b4 (34. h5 $142) 34... Bc3 35. bxa5 Bxa5 36. Kf3 Nc3 37. Ke3 e5 (37... Nd5+ $16 38. Kd3 Nb6) 38. Kd3 $18 Ke6 39. Kc4 g6 40. g4 h5 $2 (40... Ne2 41. Bd5+ Kd7) 41. f3 Nxa4 42. Bxa4 Be1 43. Be8 hxg4 (43... e4 $18 44. Bxg6 hxg4 45. fxg4 Bxh4) 44. fxg4 {[%emt 0:00:00] White mates.} Bxh4 45. Bxg6 Kf6 46. Bf5 Bg3 47. Kd5 Be1 48. Ke4 Bg3 49. Be3 Bh4 50. Bd2 c6 51. Ba5 Bg3 52. Bd8+ Kg7 53. g5 Bf4 54. Kf3 c5 55. Bd3 Kf7 56. Kg4 Ke6 57. Bc4+ Kd6 58. Bf6 Bd2 59. g6 Bh6 60. g7 {[%emt 0:00:00] Weighted Error Value: White=0.11 (very precise) /Black=0.38} 1-0

[Event "8th Svetozar Gligoric Cup 2022"]
[Site "Paracin"]
[Date "2022.06.01"]
[Round "2.12"]
[White "Vratonjic, Slobo"]
[Black "Rakic, Ognjan"]
[Result "1-0"]
[ECO "C11"]
[WhiteElo "2254"]
[BlackElo "1674"]
[Annotator "TA"]
[PlyCount "55"]
[EventDate "2022.05.31"]
[EventType "team-tourn"]
[EventCountry "SRB"]
[SourceTitle "playchess.com"]
[Source "ChessBase"]
[SourceQuality "1"]
[TimeControl "40/5400+30:900+30"]

1. e4 e6 2. d4 d5 3. Nc3 Nf6 4. e5 Nfd7 5. f4 c5 6. Nf3 Be7 7. Be3 a6 8. Qd2 Nc6 9. Be2 cxd4 {[%emt 0:01:25] C11: French: Classical System: 4 e5 and 4 Bg5 dxe4.} 10. Nxd4 Nxd4 11. Bxd4 b5 {[%emt 0:01:38] White has an edge.} 12. Bd3 Nc5 {[%emt 0:02:17] [#]} 13. Qe3 $146 ({Predecessor:} 13. O-O Nxd3 14. cxd3 O-O 15. Qe3 f6 16. exf6 Bxf6 17. Ne2 Bd7 18. Rac1 Bxd4 19. Nxd4 {1-0 (63) Wittmann,K (2077)-Adelhuette,D (1997) Mittelfranken 2018}) 13... Nxd3+ 14. cxd3 Bd7 15. O-O g6 {[%emt 0:00:47] [#]} (15... O-O $11) 16. Nxd5 $1 $16 {[%emt 0:06:00][%mdl 512] White is more active.} exd5 17. e6 $1 Bf6 18. exd7+ $18 Kxd7 19. Qh3+ Kd6 (19... Kc7 {was worth a try.}) 20. Be5+ $1 Bxe5 $2 (20... Ke7 21. d4 Qb6) 21. fxe5+ {[%emt 0:00:07][%mdl 64] Discovered Attack} Ke7 22. Rf6 {[%emt 0:02:01] Threatening mate with Raf1.} h5 23. Raf1 Rf8 24. Qf3 Ke8 {[%emt 0:10:54] [#]} 25. Re6+ $3 fxe6 {[%emt 0:01:23] White is clearly winning.} 26. Qxf8+ Kd7 27. Qd6+ Kc8 28. Rf8 {[%emt 1:15:49] Weighted Error Value: White=0.03 (flawless) /Black=0.97} 1-0

[Event "8th Svetozar Gligoric Cup 2022"]
[Site "Paracin"]
[Date "2022.06.02"]
[Round "3.1"]
[White "Markus, Robert"]
[Black "Atalik, Suat"]
[Result "1-0"]
[ECO "E05"]
[WhiteElo "2613"]
[BlackElo "2459"]
[Annotator "TA"]
[PlyCount "85"]
[EventDate "2022.05.31"]
[EventType "team-tourn"]
[EventCountry "SRB"]
[SourceTitle "playchess.com"]
[Source "ChessBase"]
[SourceQuality "1"]
[TimeControl "40/5400+30:900+30"]

1. d4 Nf6 2. c4 e6 3. Nf3 d5 4. g3 Be7 5. Bg2 O-O 6. O-O dxc4 7. Qc2 b5 8. a4 {[%emt 0:01:44] E05: Open Catalan: 5 Nf3 Be7.} b4 9. Nbd2 Bb7 10. Nxc4 {[%emt 0:04:29] The position is equal.} Be4 11. Qd2 $5 {[%emt 0:02:08][%mdl 4] A promising side line.} c5 12. b3 Nc6 13. Bb2 {[%emt 0:10:51] [#]} Na5 $146 (13... Rc8 $11) ({Predecessor:} 13... Bd5 14. Qd3 Rc8 15. dxc5 Nd7 16. Rfd1 Nxc5 17. Qe3 Qc7 18. Rdc1 Qb7 19. Ne1 Qa6 20. Bxd5 exd5 {1-0 (34) Valdes Romero,L (2414)-Ernst,S (2554) Hoogeveen 2012}) 14. Nxa5 $14 Qxa5 15. dxc5 Rac8 16. Rac1 Bd5 17. Ne5 Bxg2 (17... Bxc5 $14 18. Bxd5 exd5) 18. Kxg2 $16 Bxc5 19. Qd3 Rc7 20. Rc4 Nd5 21. Rfc1 {[%emt 0:05:56] e4 is the strong threat.} ({Don't take} 21. Rh4 h6 $14) 21... f6 22. Nf3 ({Don't play} 22. Rh4 h6 23. Ng4 f5 $14) 22... Rfc8 23. e4 Nb6 24. R4c2 {[%emt 0:00:20] Threatens to win with Nd4.} Nd7 {[%emt 0:09:53] [#]} 25. e5 ({White should play} 25. Nd4 $1 Ne5 26. Qb5) 25... f5 26. Ng5 (26. Qc4 $16 Nf8 27. Qb5) 26... Nf8 27. Qb5 Qb6 28. f4 a6 {[%emt 0:02:54] Black is now going downhill.} (28... Bg1 $1 $11 {remains equal.} 29. Qd3 Rxc2+ 30. Rxc2 Rxc2+ 31. Qxc2 h6) 29. Qxb6 {[%emt 0:00:29] White is more active.} Bxb6 30. Rxc7 Rxc7 31. Rxc7 Bxc7 {[%emt 0:00:01][%mdl 4096] Endgame KBN-KBN} 32. Kf2 h6 33. Nf3 Nd7 34. Bd4 {[%emt 0:01:51] Inhibits Nc5.} Kf7 35. Ke3 Bd8 (35... Ke7 $16 {keeps fighting.} 36. Kd2 g6) 36. Kd3 $18 g5 37. Kc4 gxf4 (37... Nb8 $142 38. Bf2 (38. Kxb4 g4 $14) 38... gxf4) 38. gxf4 Be7 39. Ne1 Nb8 $2 (39... Kg6 40. h3 Kh5) 40. Nd3 {[%emt 0:00:00] White is clearly winning.} Nc6 {[%emt 0:00:00][%cal Rc6a5] [#]} 41. Bc5 Bh4 42. Bxb4 Nxb4 43. Kxb4 {[%emt 0:01:53] Weighted Error Value: White=0.06 (flawless) /Black=0.26 (precise)} 1-0

[Event "8th Svetozar Gligoric Cup 2022"]
[Site "Paracin"]
[Date "2022.06.02"]
[Round "3.2"]
[White "Markovic, Miroslav"]
[Black "Kovacevic, Aleksandar"]
[Result "1/2-1/2"]
[ECO "B51"]
[WhiteElo "2271"]
[BlackElo "2503"]
[Annotator "TA"]
[PlyCount "46"]
[EventDate "2022.05.31"]
[EventType "team-tourn"]
[EventCountry "SRB"]
[SourceTitle "playchess.com"]
[Source "ChessBase"]
[SourceQuality "1"]
[TimeControl "40/5400+30:900+30"]

1. e4 c5 2. Nf3 d6 3. Bb5+ Nd7 4. O-O a6 5. Bd3 Ngf6 6. c4 {[%emt 0:00:45] B51: Sicilian: Moscow Variation (3 Bb5+) without 3...Bd7.} Ne5 7. Nxe5 dxe5 {[%emt 0:00:05] [#]} 8. Bc2 $146 {[%emt 0:00:09] The position is equal.} ({Predecessor:} 8. Qe2 e6 9. Nc3 Bd6 10. Bc2 O-O 11. d3 Nd7 12. f4 exf4 13. Bxf4 Bxf4 14. Rxf4 {0-1 (49) Neklyudov,T (1921)-Zhileykin,A (2193) Voronezh 2019}) 8... e6 9. d3 Be7 10. Ba4+ Bd7 11. Bxd7+ Nxd7 12. Nd2 $1 Nb8 13. Nf3 Nc6 14. b3 O-O 15. Bb2 Qc7 16. Qe2 Rfd8 17. Rfd1 Rd7 18. h3 Qb8 19. Bc3 b5 20. Qb2 Bf6 21. Qc2 b4 {[%emt 0:01:26] Black is slightly better.} 22. Bb2 a5 23. a4 Raa7 {[%emt 0:43:53] Weighted Error Value: White=0.08 (flawless) /Black=0.07 (flawless)} 1/2-1/2

[Event "8th Svetozar Gligoric Cup 2022"]
[Site "Paracin"]
[Date "2022.06.02"]
[Round "3.3"]
[White "Brenjo, Slavisa"]
[Black "Saric, Sinisa"]
[Result "1-0"]
[ECO "B01"]
[WhiteElo "2402"]
[BlackElo "2411"]
[Annotator "TA"]
[PlyCount "41"]
[EventDate "2022.05.31"]
[EventType "team-tourn"]
[EventCountry "SRB"]
[SourceTitle "playchess.com"]
[Source "ChessBase"]
[SourceQuality "1"]
[TimeControl "40/5400+30:900+30"]

1. e4 d5 2. exd5 Qxd5 3. Nc3 Qd6 4. d4 Nf6 5. Nf3 Bg4 6. Be3 {[%emt 0:00:00] B01: Scandinavian Defence.} e6 7. h3 Bh5 8. Be2 {[%emt 0:00:00] White has an edge.} c6 9. O-O Nbd7 10. Re1 Qc7 {[%emt 0:00:00] [#]} 11. Ne5 $146 ({Predecessor:} 11. a3 Bd6 12. b4 b5 13. Rb1 a5 14. Nd2 Bxe2 15. Qxe2 O-O 16. Nce4 axb4 17. axb4 {½-½ (45) Ratnapriya,K (1488)-Vishwa,V (1758) New Delhi 2018}) 11... Nxe5 12. Bxh5 {[%emt 0:00:00] Strongly threatening Bf4.} Nc4 13. Bg5 Nxb2 $2 {[%emt 0:00:00][%mdl 8192] [#] This move loses the game for Black.} (13... O-O-O $1 $11 {and Black stays safe.}) 14. Rxe6+ $1 $18 Kd8 15. Rxf6 gxf6 (15... Nxd1 16. Rxf7+ Be7) 16. Bxf6+ {[%emt 0:00:00] White is clearly winning.} Be7 17. Qf3 Re8 18. Re1 Qd6 19. Bxf7 {[%emt 0:00:00] This bishop pair is nice.} Rf8 20. Rxe7 Qxe7 21. Nd5 {[%emt 0:00:00][%mdl 64] Pin.  Weighted Error Value: White=0.13 (very precise) /Black=0.58} 1-0

[Event "8th Svetozar Gligoric Cup 2022"]
[Site "Paracin"]
[Date "2022.06.02"]
[Round "3.4"]
[White "Vratonjic, Slobo"]
[Black "Omorjan, Dejan"]
[Result "1/2-1/2"]
[ECO "B50"]
[WhiteElo "2254"]
[BlackElo "2339"]
[Annotator "TA"]
[PlyCount "83"]
[EventDate "2022.05.31"]
[EventType "team-tourn"]
[EventCountry "SRB"]
[SourceTitle "playchess.com"]
[Source "ChessBase"]
[SourceQuality "1"]
[TimeControl "40/5400+30:900+30"]

1. e4 c5 2. Nf3 d6 3. Bc4 Nf6 4. d3 g6 5. e5 dxe5 6. Nxe5 {[%emt 0:00:17][%csl Ge5][%cal Rc4f7] [#] B50: Sicilian: 2...d6, Miscellaneous.} e6 $1 7. Bg5 a6 {[%emt 0:03:46] Prevents Bb5+.} 8. Nc3 {[%emt 0:04:02] [#] White is slightly better.} h6 $146 ({Predecessor:} 8... Be7 9. Bh6 Qc7 10. Qe2 Nc6 11. Nf3 Bd7 12. a3 O-O-O 13. h3 Nh5 14. Bd2 Nf4 15. Bxf4 Qxf4 {0-1 (37) Romero Funieles,R (1654)-Asensio Linan,T (1998) Barcelona 2020}) 9. Bh4 Bg7 10. O-O Qd4 11. Nf3 Qd6 12. Bxf6 Bxf6 13. Ne4 Qd8 14. Nxf6+ Qxf6 15. d4 cxd4 16. Nxd4 Bd7 17. c3 Nc6 18. Nf3 Qf4 {[%emt 0:07:14] Inhibits Qd6.} (18... Ne5 $5 19. Bd5 Rd8 $11) 19. Qe2 O-O 20. Rad1 Rfd8 21. Rfe1 Be8 22. Bd3 Rd7 23. Be4 Rxd1 24. Rxd1 Rd8 {[%emt 0:01:42] [#] ...Rxd1+ is the strong threat.} 25. Re1 Rd6 26. g3 Qf6 27. Nd2 (27. h4 $14) 27... Na5 $11 {[%emt 0:06:06] The position is equal.} 28. Bg2 {[%emt 0:06:26] Strongly threatening Ne4.} Bb5 29. Qe3 {[%emt 0:06:52] And now Ne4 would win.} Qd8 30. Ne4 Rd1 {[%emt 0:01:25] Hoping for ...Qd3.} 31. Bf3 Rxe1+ 32. Qxe1 Qd3 33. Qd1 Qxd1+ 34. Bxd1 {[%emt 0:00:02][%mdl 4096] Endgame KBN-KBN} Nc4 35. b3 Bc6 36. Bc2 Ne5 {[%emt 0:00:31] Threatens to win with ...Nf3+.} 37. Nd2 Nf3+ 38. Nxf3 Bxf3 39. Kf1 f5 40. Ke1 Kf7 41. Kd2 e5 42. Ke3 {[%emt 0:00:08] Weighted Error Value: White=0.08 (flawless) /Black=0.04 (flawless)} 1/2-1/2

[Event "8th Svetozar Gligoric Cup 2022"]
[Site "Paracin"]
[Date "2022.06.02"]
[Round "3.5"]
[White "Miljkovic, Miroslav M"]
[Black "Bogosavljevic, Boban"]
[Result "0-1"]
[ECO "A41"]
[WhiteElo "2104"]
[BlackElo "2527"]
[Annotator "TA"]
[PlyCount "76"]
[EventDate "2022.05.31"]
[EventType "team-tourn"]
[EventCountry "SRB"]
[SourceTitle "playchess.com"]
[Source "ChessBase"]
[SourceQuality "1"]
[TimeControl "40/5400+30:900+30"]

1. d4 d6 2. c4 e5 3. d5 Be7 4. Nc3 a5 5. e4 Bg5 6. Bd3 {[%emt 0:03:22] A41: 1 d4 d6: Tartakower System and Modern Defence.} Bxc1 7. Qxc1 Na6 {[%emt 0:00:16] [#]} 8. f4 $146 {[%emt 0:02:12] The position is equal.} ({Predecessor:} 8. Nge2 Nf6 9. O-O O-O 10. Bc2 Nd7 11. a3 Nb6 12. b3 h6 13. f4 exf4 14. Rxf4 {½-½ (44) Iotov,V (2569)-Popchev,M (2499) Albena 2010}) 8... Nc5 9. Bc2 exf4 10. Qxf4 Qf6 11. Qe3 Nh6 ({Don't do} 11... Bg4 12. h3 (12. Nf3 Qh6 $14) 12... Bh5 13. Kd2 $14) 12. h3 {[%emt 0:02:30] Prevents Ng4.} Qe5 13. g4 {[%emt 0:08:04][%cal Bg2g4,Bg4g5][%mdl 32] Inhibits Nf5.} f5 14. g5 Nf7 {[%emt 0:06:57] White must now prevent ...0-0.} 15. Nf3 Qg3+ 16. Ke2 {[%emt 0:00:45][%cal Be1e2,Be2f2,Bf2g3][%mdl 32] Rag1 is the strong threat.} Qg2+ 17. Qf2 Qxf2+ 18. Kxf2 fxe4 (18... O-O $5 ) 19. Nxe4 O-O 20. Kg3 Bd7 21. Nxc5 dxc5 22. Rae1 Nd6 23. Re7 (23. Nd2 $11) 23... Bf5 $17 24. Bd1 Be4 25. Rxc7 {[%emt 0:01:58] [#]} (25. Re5 $17) 25... Nf5+ $2 ({Inferior is} 25... Nxc4 26. Re1 Bxd5 27. Rxc5 $11) ({Black should try} 25... Rae8 $1 $19 {aiming for ...b6.} 26. Rf1 Bd3) 26. Kh2 $11 Nd6 $2 (26... Ne3 $15 27. Re1 Nxd1 28. Rxe4 Rxf3) 27. Kg3 $19 {[%emt 0:02:05] [#]} Rae8 $1 {[%emt 0:00:15] Hoping for ...Bxf3.} ({Weaker is} 27... Nxc4 28. Re1 Bxd5 29. Rxc5 $11) 28. Re1 $2 (28. b3) 28... Bxf3 {[%emt 0:00:14][%mdl 64] Discovered Attack. Black is clearly winning.} 29. Rxe8 Nxe8 30. Rxc5 Bxd1 31. Rxa5 Nd6 {[%emt 0:00:29][%cal Be8d6,Bd6e4,Be4g3][%mdl 32] And now ...Ne4+ would win.} 32. c5 Ne4+ 33. Kg2 Rf2+ 34. Kg1 Bf3 35. Ra3 Rg2+ 36. Kf1 Ng3+ 37. Ke1 Re2+ 38. Kd1 Re3+ {[%emt 0:00:06] Weighted Error Value: White=0.79/Black=0.19 (very precise)} 0-1

[Event "8th Svetozar Gligoric Cup 2022"]
[Site "Paracin"]
[Date "2022.06.02"]
[Round "3.7"]
[White "Rajic, Milovan"]
[Black "Zajic, Milan"]
[Result "0-1"]
[ECO "B06"]
[WhiteElo "1651"]
[BlackElo "2426"]
[Annotator "TA"]
[PlyCount "64"]
[EventDate "2022.05.31"]
[EventType "team-tourn"]
[EventCountry "SRB"]
[SourceTitle "playchess.com"]
[Source "ChessBase"]
[SourceQuality "1"]
[TimeControl "40/5400+30:900+30"]

1. e4 g6 2. d4 Bg7 3. Be3 c6 4. Bc4 d5 5. exd5 cxd5 6. Bb3 {[%emt 0:00:03] B06: Modern Defence.} Nc6 7. Nc3 {[%emt 0:01:32] [#]} e6 $146 ({Predecessor:} 7... Nf6 8. h3 O-O 9. Nf3 Na5 10. O-O a6 11. Bf4 Bf5 12. Be5 Nxb3 13. axb3 Rc8 {1-0 (37) Ohrnberg,M-Haanpaa,J Turku 1997}) 8. Nge2 {[%emt 0:01:49] The position is equal.} Nge7 9. f3 (9. Qd2 $11) 9... b6 (9... Nf5 $17 10. Bf2 h5) 10. Qd2 Ba6 11. Bh6 (11. g4 $11 {remains equal.}) 11... Bxh6 $17 12. Qxh6 Nf5 13. Qd2 {[%emt 0:00:28] [#]} (13. Qf4 $15) 13... Ncxd4 $1 14. O-O-O (14. Nxd4 Qh4+) 14... Bxe2 15. Nxe2 Nxb3+ 16. axb3 Qc7 17. Kb1 O-O-O 18. g3 Kb8 19. f4 (19. g4 $142 Ne7 20. Qh6) 19... Rc8 {[%emt 0:00:11][%cal Bd8c8,Bc8c7,Bc7d7][%mdl 32] Black is more active.} 20. Rc1 Rhd8 21. Rhe1 Qc5 22. Nc3 Rc7 23. Qd3 Rdc8 (23... h5 $142 24. Nb5 Rcd7) 24. Nb5 Rd7 25. Nc3 ({Better is} 25. g4 Nd6 26. Nxd6 Qxd6 27. Qd4) 25... Ne7 26. Ne4 Qa5 27. Nf6 Rdc7 {[%emt 0:00:13][%cal Oc7c2] Strongly threatening ...Rxc2!} 28. c3 h5 29. Nh7 Nc6 30. Ng5 d4 31. Ne4 (31. Qe2 $142) 31... dxc3 $19 32. bxc3 Qa3 {[%emt 0:00:48] Weighted Error Value: White=0.30/Black=0.12 (very precise)} 0-1

[Event "8th Svetozar Gligoric Cup 2022"]
[Site "Paracin"]
[Date "2022.06.02"]
[Round "3.8"]
[White "Toth, Aleksandar"]
[Black "Stefanovic, Dragan D"]
[Result "1-0"]
[WhiteElo "2335"]
[BlackElo "1567"]
[Annotator "TA"]
[PlyCount "19"]
[EventDate "2022.05.31"]
[EventType "team-tourn"]
[EventCountry "SRB"]
[SourceTitle "playchess.com"]
[Source "ChessBase"]
[SourceQuality "1"]
[TimeControl "40/5400+30:900+30"]

1. Nf3 d5 2. g3 Nf6 3. Bg2 Bg4 4. Ne5 c6 5. Nxg4 Nxg4 6. e4 {[%emt 0:03:31] [#] A07: Réti Opening: New York and Capablanca Systems.} Nxf2 $146 {[%emt 0:14:35] [#]} ({Predecessor:} 6... Nf6 7. e5 Nfd7 8. d4 e6 9. O-O c5 10. c4 cxd4 11. cxd5 exd5 12. Bxd5 Nc6 13. Bxc6 bxc6 14. Qxd4 {1-0 (25) Damaso,R (2425)-Conflitti,A (1800) Figueira da Foz 2014}) 7. Kxf2 $18 dxe4 8. Qg4 ({Don't do} 8. Bxe4 $6 Qd4+ 9. Kf3 f5 $18) 8... Qd4+ 9. Ke2 {[%emt 0:00:31] Qc8+ is the strong threat.} e6 10. Qxe4 {[%emt 0:00:14] Black got outplayed after the opening.  Weighted Error Value: White=0.08 (flawless) /Black=0.99} 1-0

[Event "8th Svetozar Gligoric Cup 2022"]
[Site "Paracin"]
[Date "2022.06.02"]
[Round "3.9"]
[White "Jovanovic, Dusan D"]
[Black "Maksimovic, Bojan"]
[Result "0-1"]
[ECO "E93"]
[WhiteElo "2391"]
[BlackElo "2445"]
[Annotator "TA"]
[PlyCount "70"]
[EventDate "2022.05.31"]
[EventType "team-tourn"]
[EventCountry "SRB"]
[SourceTitle "playchess.com"]
[Source "ChessBase"]
[SourceQuality "1"]
[TimeControl "40/5400+30:900+30"]

1. Nf3 Nf6 2. c4 g6 3. Nc3 Bg7 4. e4 d6 5. d4 O-O 6. Be2 Nbd7 7. O-O e5 8. Bg5 h6 9. Bh4 g5 10. Bg3 Nh5 11. d5 Nf4 12. Nd2 Nf6 13. h3 {[%emt 0:11:24] [#] E93: King's Indian: Classical: Petrosian System with 7...Nbd7.} c5 $146 ({Predecessor:} 13... Nxe2+ 14. Qxe2 g4 15. hxg4 Bxg4 16. Qe3 Nh5 17. c5 Bf6 18. cxd6 cxd6 19. Nf3 Kh7 20. Nh2 Bg5 {0-1 (59) Kaunas,K (2350)-Borocz,I (2335) Budapest 1993}) 14. a3 b6 15. b4 {[%emt 0:01:54] White is slightly better.} h5 16. bxc5 bxc5 17. Rb1 Nxe2+ 18. Qxe2 h4 19. Bh2 g4 20. hxg4 Nxg4 21. Rb3 Bh6 22. Rfb1 Kh7 23. Nf1 Rg8 24. Qf3 (24. f3 $15 Nxh2 25. Nxh2) 24... Qg5 $1 $17 25. Rb8 Rxb8 26. Rxb8 Qg6 $40 {[%emt 0:16:25][%mdl 128] White needs to defend precisely.} (26... Qc1 $1 $17 27. Rb1 (27. Qxf7+ $2 Rg7 $19) 27... Qxa3) 27. Nb5 $1 $11 h3 28. Bg3 (28. Qxh3 Nxf2 $1 29. Qg3 Nxe4 30. Qxg6+ fxg6 $17) (28. Ng3 $5 ) 28... hxg2 29. Kxg2 Nf6 {[%emt 0:04:23] Threatens to win with ...Bg4.} 30. Nxd6 Bg4 {[%emt 0:02:38][%mdl 64] Discovered Attack. Dancing on a razor blade.} 31. Qb3 Rxb8 32. Qxb8 {[%emt 0:00:07] [#] This move loses the game for White.} Qh5 $1 {[%emt 0:00:54] ( -> ...Bf3+)} 33. Qb3 {[%emt 0:08:46] Against Bf3+} (33. Kg1 Bh3 34. Nxf7 (34. Qxa7 $2 Qd1 $19) 34... Qxf7 35. Qxe5) 33... Bh3+ $19 {[%emt 0:00:39] A strong pair of Bishops.} ({Avoid the trap} 33... Bf8 $2 34. Nxf7 Bh3+ 35. Kg1 Qxf7 36. Bxe5 Qg6+ 37. Ng3 $19) 34. Kg1 {[%emt 0:00:05] [#]} Qe2 $1 ({Not} 34... Bxf1 35. Kxf1 Bf8 36. Nb5 $11) 35. Ne3 Bxe3 {[%emt 0:00:11] Weighted Error Value: White=0.62/Black=0.08 (flawless)} 0-1

[Event "8th Svetozar Gligoric Cup 2022"]
[Site "Paracin"]
[Date "2022.06.02"]
[Round "3.10"]
[White "Tadic, Stefan"]
[Black "Dudukovic, Nikola"]
[Result "1-0"]
[ECO "C44"]
[WhiteElo "2358"]
[BlackElo "2346"]
[Annotator "TA"]
[PlyCount "101"]
[EventDate "2022.05.31"]
[EventType "team-tourn"]
[EventCountry "SRB"]
[SourceTitle "playchess.com"]
[Source "ChessBase"]
[SourceQuality "1"]
[TimeControl "40/5400+30:900+30"]

1. e4 e5 2. Nf3 Nc6 3. g3 Nf6 4. d3 d5 5. exd5 Nxd5 6. Bg2 g6 {[%emt 0:00:43] 6...Bc5 is the modern continuation.} 7. O-O Bg7 8. Nc3 {[%emt 0:01:41] C44: Ponziani Opening and Scotch Gambit.} Nde7 9. a4 {[%emt 0:06:43] [#]} a5 $146 ({Predecessor:} 9... O-O 10. a5 h6 11. a6 b6 12. Nb5 Bg4 13. h3 Be6 14. Re1 Qd7 15. Kh2 Rad8 {½-½ (60) Topakian,R (2409)-Brkic,A (2600) Austria 2019}) 10. Nb5 {[%emt 0:17:31][%cal Od3d4] The position is equal.} O-O 11. Be3 Nf5 12. Bc5 Re8 13. c3 Nb8 14. Qc2 (14. Re1 $15) 14... Na6 $17 15. Be3 Nxe3 16. fxe3 c6 17. Na3 Be6 18. Nd2 Nc5 19. d4 Nd7 20. Nac4 Qc7 21. Rae1 Rab8 22. Kh1 b5 (22... Re7 $17) 23. Na3 Nf6 24. e4 (24. Nb3 $142) 24... b4 (24... bxa4 $17 {Strongly threatening ...exd4.} 25. Ndc4 exd4 26. cxd4 Rb4) 25. Nac4 $15 bxc3 26. bxc3 exd4 27. cxd4 Rb4 {[%emt 0:00:12] With the idea ...Rd8.} (27... Red8 $5 28. e5 Ne8 $15) 28. Rb1 (28. e5 $1 $11 {keeps the balance.} Nd5 29. Ne4) 28... Reb8 $17 29. Rxb4 Rxb4 30. Rb1 $2 (30. e5 $17 Nd7 31. Qc3) 30... Rxb1+ (30... Qa7 $19 31. Ne5 Rxb1+ 32. Nxb1 Qxd4 33. Nxc6 Qa1 34. Ne7+ Kh8) 31. Qxb1 Ng4 32. Qg1 {[%emt 0:05:48] [#] Prevents Nf2+.} (32. e5 $15) 32... Qd8 (32... c5 $1 $19 33. dxc5 Qd7) 33. e5 Bd5 (33... Bh6 $17 {[%cal Oc6c5] Hoping for ...c5!} 34. h3 Bxd2 35. Nxd2 Nxe5) 34. Nd6 ({White should try} 34. h3 $11 Nh6 35. Nd6) 34... Qb6 (34... Bf8 $1 $15 35. N2c4 Qd7) 35. h3 Qb2 36. Bxd5 cxd5 37. hxg4 Qxd2 $11 {[%emt 0:00:07][%mdl 4096] Endgame KQB-KQN} 38. Qf1 $36 {[%emt 0:00:04][%mdl 2048] White has good play.} Qh6+ (38... f6 $11) 39. Kg2 $14 f6 {[%emt 0:00:36][%mdl 8192] [#]} (39... Qd2+ $1 $14 40. Qf2 Bh6) 40. Qf4 $2 (40. Qe1 $1 $18 Bf8 41. Qxa5 Bxd6 42. exd6) 40... Qxf4 $16 41. gxf4 fxe5 42. fxe5 {[%emt 0:02:17] KB-KN} Bh6 43. Kf3 {[%emt 0:00:02] Inhibits Be3. White is more active.} Bd2 $2 (43... Bc1 $16) 44. Ne8 $18 Kf7 45. Nc7 h5 46. gxh5 gxh5 47. Nxd5 {[%emt 0:00:03] Threatening mate with Nf4.} h4 48. Nf4 {[%emt 0:00:09] White threatens d5 and mate.} Bc1 49. d5 {[%emt 0:00:08] White mates.} Ke8 50. Kg4 Kf7 51. Nd3 {[%emt 0:00:04] What a bad dream for Black.  Weighted Error Value: White=0.47/Black=0.53} (51. d6 $142 Ba3 52. d7 Ke7 53. e6 Kd8 54. Kxh4 Be7+ 55. Kg4 Bc5 56. Kf5) 1-0